 Dungeon Crawl Stone Soup version 0.21.1-1-g345015f (webtiles) character file.

175 Merlin the Cudgeler (level 5, -3/42 HPs)
             Began as a Demonspawn Chaos Knight on July 10, 2018.
             Slain by dscm's ghost (4 damage)
             ... on level 3 of the Dungeon.
             The game lasted 00:12:00 (2116 turns).

Merlin the Cudgeler (Demonspawn Chaos Knight)       Turns: 2116, Time: 00:12:00

Health: -3/42      AC:  7    Str: 13    XL:     5   Next: 29%
Magic:  0/5        EV: 12    Int: 13    God:    Xom [...*..]
Gold:   158        SH:  0    Dex: 13    Spells: 4/4 levels left

rFire    + . .     SeeInvis .   a - +0 mace (chaos)
rCold    + . .     Gourm    .   (no shield)
rNeg     . . .     Faith    .   b - +2 leather armour
rPois    +         Spirit   +   (no helmet)
rElec    +         Reflect  .   (no cloak)
rCorr    +         Harm     .   (no gloves)
MR       .....                  (no boots)
Stlth    ..........             (no amulet)
HPRegen  0.14/turn              v - ring of loudness (curse)
MPRegen  0.09/turn              (no ring)

@: resistant
A: slimy green scales 1, powered by death 1, magic shield
a: Renounce Religion


You were on level 3 of the Dungeon.
You worshipped Xom.
You were a favourite toy of Xom.
You were not hungry.

You visited 1 branch of the dungeon, and saw 3 of its levels.

You collected 158 gold pieces.

Inventory:

Hand Weapons
 a - a +0 mace of chaos (weapon)
 u - a cursed -3 long sword
Armour
 b - a +2 leather armour (worn)
Jewellery
 v - a cursed ring of loudness (left hand)
Scrolls
 e - a scroll of blinking
 f - a scroll of magic mapping
 g - a scroll of random uselessness {unknown}
 j - a scroll of enchant armour {unknown}
 m - 2 scrolls of teleportation
 p - a scroll of identify {unknown}
 q - a scroll of enchant weapon {unknown}
 s - a scroll of remove curse {unknown}
Potions
 k - a potion of invisibility {unknown}
 n - a potion of heal wounds {unknown}
 r - a potion of haste {unknown}
 t - a potion of might {unknown}
Comestibles
 c - 6 rations


   Skills:
 + Level 3.6 Fighting
 + Level 4.1 Maces & Flails
 + Level 2.5 Armour
 + Level 1.9 Dodging
 + Level 1.1 Stealth


You had 4 spell levels left.
You didn't know any spells.

Dungeon Overview and Level Annotations

Branches:
Dungeon (3/15)

Altars:
Ru

Annotations:
D:3 Sigmund; dscm's ghost, weakling DsGl


Innate Abilities, Weirdness & Mutations

You are partially covered in slimy green scales. (AC +2)
You regenerate a little health from kills.
When hurt, damage is shared between your health and your magic reserves.


Message History

Dscm's ghost hits you.
* * * LOW HITPOINT WARNING * * *
It was a potion of resistance.
You feel protected. Dscm's ghost misses you.
Dscm's ghost says, "Try not to bleed too much."
Dscm's ghost completely misses you.
You hit dscm's ghost. You freeze dscm's ghost.
Dscm's ghost is severely damaged.
Dscm's ghost hits you. Dscm's ghost barely misses you.
You hit dscm's ghost.
Dscm's ghost convulses.
Dscm's ghost is almost destroyed.
Dscm's ghost hits you.
* * * LOW HITPOINT WARNING * * *
Magic courses through your body. Dscm's ghost hits you.
Dscm's ghost barely misses you.
You hit dscm's ghost but do no damage.
Dscm's ghost is almost destroyed.
Dscm's ghost hits you.
You die...

.............###.# #.#
.............# #.###§#
...........#.# #.#§§§#
...........#.....#§###
...........#######§#
..........## #§#
#.........# #§#
..........########§#
..##########....@W.##
...........#.#......#
...........#.#.####.#
...........#.#.####.#
...........#.#......#
...........#.#.######
...........#.#......#
...........#.#.####.#
...........#.#.# #.#


You could see dscm's ghost.

Vanquished Creatures
  8 adders
  An ooze (D:2)
  4 worms
  2 dart slugs (D:1)
  4 leopard geckos
  8 orcs (D:3)
  9 bats
  2 giant cockroaches
  11 goblins
  6 hobgoblins
  9 kobolds
  A quokka (D:2)
  3 frilled lizards
  4 rats
72 creatures vanquished.

Notes
Turn   | Place    | Note
-------+----------+-------------------------------------------
     0 | D:1      | Merlin the Demonspawn Chaos Knight began the quest for the Orb.
     0 | D:1      | Reached XP level 1. HP: 18/18 MP: 1/1
    23 | D:1      | XOM: harmless Necr miscast
   200 | D:1      | XOM: mild Ice miscast
   205 | D:1      | XOM: god gift: 15 stones
   223 | D:1      | XOM: enchant monster (good)
   224 | D:1      | Gained mutation: You are partially covered in slimy green scales. (AC +2) [demonic ancestry]
   224 | D:1      | Reached XP level 2. HP: 5/24 MP: 2/2
   475 | D:1      | Reached skill level 1 in Dodging
   493 | D:1      | Reached skill level 3 in Maces & Flails
   621 | D:1      | XOM: 3-stop teleportation journey
   692 | D:1      | Gained mutation: When hurt, damage is shared between your health and your magic reserves. [demonic ancestry]
   692 | D:1      | Reached XP level 3. HP: 25/29 MP: 3/3
   699 | D:1      | XOM: polymorph something unseen -> frilled lizard
   848 | D:2      | XOM: god gift: 29 gold pieces
   990 | D:2      | XOM: enchant monster (good)
   999 | D:2      | Gained mutation: You regenerate a little health from kills. [demonic ancestry]
   999 | D:2      | Reached XP level 4. HP: 21/35 MP: 2/4
  1174 | D:2      | Found a sacrificial altar of Ru.
  1420 | D:2      | XOM: fog
  1553 | D:3      | XOM: cleaving
  1562 | D:3      | XOM: confuse monster(s)
  1607 | D:3      | Reached skill level 1 in Stealth
  1617 | D:3      | Noticed dscm's ghost (weakling DsGl)
  1617 | D:3      | Noticed Sigmund
  1636 | D:3      | Reached XP level 5. HP: 25/41 MP: 3/5
  1703 | D:3      | XOM: mild Tloc miscast
  1734 | D:3      | Reached skill level 4 in Maces & Flails
  2114 | D:3      | HP: 1/42 [dscm's ghost (3)]
  2116 | D:3      | Slain by dscm's ghost

Skill      XL: |  1  2  3  4  5 |
---------------+----------------+-----
Armour         | 2 |  2.5
Dodging        | 1 |  1.9
Maces & Flails | 3 4 |  4.1
Stealth        | 1 |  1.1
Fighting       | |  3.6

Action                   |  1- 3 |  4- 6 || total
-------------------------+-------+-------++-------
Melee: Mace              |   120 |   125 ||   245
  Use: Potion            |     1 |     6 ||     7
       Scroll            |     2 |     3 ||     5
 Stab: Paralysed         |     2 |       ||     2
       Petrified         |     2 |     4 ||     6
       Distracted        |       |     1 ||     1
       Confused          |       |     1 ||     1
       Sleeping          |       |     1 ||     1
  Eat: Chunk             |       |     3 ||     3
       Ration            |       |     1 ||     1
Armor: Leather armour    |    77 |    34 ||   111
       Skin              |     8 |       ||     8
Dodge: Dodged            |    85 |    83 ||   168
